 Dungeon Crawl Stone Soup version 0.28-a0-258-g8de209e91f (webtiles) character file.

Game seed: 9706219993859566681

952 senseless the Ducker (level 8, 0/67 HPs)
             Began as a Gnoll Monk on Aug 26, 2021.
             Was an Elder of Trog.
             Slain by a killer bee (2 damage)
             ... on level 5 of the Dungeon.
             The game lasted 00:14:38 (5553 turns).

senseless the Ducker (Gnoll Monk)                   Turns: 5553, Time: 00:14:39

Health: 0/67       AC:  6    Str: 14    XL:     8   Next: 14%
Magic:  12/12      EV: 13    Int:  9    God:    Trog [****..]
Gold:   193        SH:  5    Dex: 14    Spells: 13/13 levels left

rFire   + + .      SeeInvis .   e - +3 whip (venom)
rCold   + + .      Faith    .   l - +0 buckler
rNeg    . . .      Spirit   .   o - +1 ring mail {rPois}
rPois   +          Reflect  .   (no helmet)
rElec   .          Harm     .   h - scarf {rC+ rF+}
rCorr   .          Rampage  .   (no gloves)
Will    .....                   (no boots)
Stlth   ++........              (no amulet)
HPRegen 0.21/turn               g - ring of protection from cold
MPRegen 0.13/turn               s - ring of protection from fire

@: no status effects
A: fangs 1, strong nose, distributed training
a: Renounce Religion, Berserk, Trog's Hand, Brothers in Arms


You were on level 5 of the Dungeon.
You worshipped Trog.
Trog was greatly pleased with you.
You visited 1 branch of the dungeon, and saw 5 of its levels.

You collected 193 gold pieces.

Inventory:

Hand Weapons
 a - a +1 falchion
 e - a +3 whip of venom (weapon)
Missiles
 j - 26 poisoned darts (quivered)
Armour
 h - a scarf of resistance (worn)
 l - a +0 buckler (worn)
 o - a +1 ring mail of poison resistance (worn)
Jewellery
 g - a ring of protection from cold (left hand)
 s - a ring of protection from fire (right hand)
Wands
 n - a wand of iceblast (6)
 v - a wand of flame (21)
Scrolls
 k - a scroll of fog {unknown}
 q - a scroll of amnesia {unknown}
 t - a scroll of teleportation {unknown}
 u - a scroll of acquirement {unknown}
 w - a scroll of immolation {unknown}
 x - a scroll of identify
Potions
 b - a potion of lignification {unknown}
 c - a potion of might {unknown}
 d - 6 potions of curing
 f - 2 potions of haste {unknown}
 i - 2 potions of heal wounds {unknown}
 m - a potion of flight {unknown}
 p - a potion of mutation {unknown}
 r - a potion of brilliance {unknown}


   Skills:
 + Level 7.2 Fighting
 + Level 3.0 Short Blades
 + Level 7.2 Long Blades
 + Level 3.0 Axes
 + Level 3.0 Maces & Flails
 + Level 3.0 Polearms
 + Level 3.0 Staves
 + Level 3.0 Slings
 + Level 3.0 Bows
 + Level 3.0 Crossbows
 + Level 3.0 Throwing
 + Level 3.0 Armour
 + Level 7.2 Dodging
 + Level 5.2 Stealth
 + Level 3.0 Shields
 + Level 3.0 Unarmed Combat
 + Level 3.0 Spellcasting
 + Level 2.4 Conjurations
 + Level 2.4 Hexes
 + Level 2.4 Summonings
 + Level 2.4 Necromancy
 + Level 2.4 Translocations
 + Level 2.4 Transmutations
 + Level 2.4 Fire Magic
 + Level 2.4 Ice Magic
 + Level 2.4 Air Magic
 + Level 2.4 Earth Magic
 + Level 2.4 Poison Magic
 + Level 3.3 Invocations
 + Level 3.0 Evocations


You had 13 spell levels left.
You didn't know any spells.
Your spell library contained the following spells:

 Spells                   Type           Power      Damage    Failure   Level
 Beastly Appendage        Tmut           10%        N/A       26%         1
 Magic Dart               Conj           20%        1d4       26%         1
 Call Imp                 Summ           5%         N/A       36%         2
 Searing Ray              Conj           10%        3d3       36%         2
 Slow                     Hex            5%         N/A       36%         2
 Wereblood                Tmut           5%         N/A       36%         2
 Confusing Touch          Hex            5%         N/A       58%         3
 Mephitic Cloud           Conj/Pois/Air  5%         N/A       58%         3
 Spider Form              Tmut/Pois      2%         N/A       58%         3
 Vampiric Draining        Necr           2%         2d6       58%         3
 Fulminant Prism          Conj/Hex       2%         3d6       94%         4


Dungeon Overview and Level Annotations

Branches:
Dungeon (5/15)
 Temple: D:4-7

Altars:
Dithmenos
Hepliaklqana
Kikubaaqudgha
Qazlal
Trog
Uskayaw
Vehumet

Shops:
D:5 **


Innate Abilities, Weirdness & Mutations

You have very sharp teeth.
Your uncanny sense of smell can sniff out nearby items.
Your experience applies equally to all skills.


Message History

You closely miss the killer bee. Your bite misses the killer bee.
The killer bee is heavily wounded.
The killer bee barely misses you. The killer bee stings you.
* * * LOW HITPOINT WARNING * * *
The killer bee completely misses you. x2; You block the killer bee's attack.
The killer bee stings you but does no damage.
The killer bee stings you.
* * * LOW HITPOINT WARNING * * *
The jelly hits you but does no damage. The killer bee closely misses you.
You hit the killer bee.
You kill the killer bee!
Trog accepts your kill.
The killer bee stings you but does no damage.
The killer bee closely misses you. x3; The killer bee stings you!
* * * LOW HITPOINT WARNING * * *
The jelly barely misses you.
Your Short Blades skill increases to level 3!
Your Axes skill increases to level 3!
Your Maces & Flails skill increases to level 3!
Your Polearms skill increases to level 3!
Your Staves skill increases to level 3!
Your Slings skill increases to level 3!
Your Bows skill increases to level 3!
Your Crossbows skill increases to level 3!
Your Throwing skill increases to level 3!
Your Armour skill increases to level 3!
Your Shields skill increases to level 3!
Your Unarmed Combat skill increases to level 3!
Your Spellcasting skill increases to level 3!
Your Evocations skill increases to level 3!
The killer bee closely misses you. x2; The killer bee stings you.
* * * LOW HITPOINT WARNING * * *
You are lethally poisoned!
The killer bee poisons you! The killer bee closely misses you.
You block the killer bee's attack.
Things that are here:
a killer bee corpse; a killer bee corpse You feel better.
The killer bee stings you.
* * * LOW HITPOINT WARNING * * *
The killer bee stings you.
You die...

#.........#
##.........#
#.....######
#.....#
#.....#
#.....#
#....O#
...#+Jyy#
.#.#..y@# #
#....#
#......∩∆
##(....##
#.>...#
##....#
#....#
#....#


You could see an ogre, a jelly and 3 killer bees.

Vanquished Creatures
  An ogre (D:5)
  A black bear (D:5)
  A phantom (D:5)
  A wyvern zombie (D:4)
  2 killer bees (D:5)
  2 hounds
  An orc priest (D:4)
  A centaur skeleton (D:3)
  A bullfrog skeleton (D:4)
  2 orc wizards (D:4)
  Ijyb (D:3)
  An iguana (D:5)
  Natasha (thrice) (D:3)
  4 hound skeletons
  4 gnolls (D:4)
  3 adders
  A shadow imp (D:5)
  A white imp (D:3)
  An adder skeleton (D:5)
  5 worms
  3 dart slugs (D:1)
  9 orcs
  6 ball pythons
  6 endoplasms
  3 giant cockroaches
  6 goblins
  7 hobgoblins
  5 jackals
  5 quokkas
  2 bats (D:2)
  3 frilled lizards
  2 kobolds
  A rat (D:1)
95 creatures vanquished.

Vanquished Creatures (others)
  A ball python (D:4)
1 creature vanquished.

Grand Total: 96 creatures vanquished

Notes
Turn   | Place    | Note
-------+----------+-------------------------------------------
     0 | D:1      | senseless the Gnoll Monk began the quest for the Orb.
     0 | D:1      | Reached XP level 1. HP: 23/23 MP: 1/1
   190 | D:1      | Reached XP level 2. HP: 29/29 MP: 2/2
   622 | D:1      | Reached XP level 3. HP: 24/35 MP: 3/3
  1411 | D:2      | Reached skill level 1 in Invocations
  1579 | D:2      | Found a faded altar of an unknown god.
  1587 | D:2      | Became a worshipper of Trog the Wrathful
  1587 | D:2      | Reached * piety under Trog
  1587 | D:2      | Reached ** piety under Trog
  1632 | D:2      | Reached skill level 1 in Short Blades
  1632 | D:2      | Reached skill level 1 in Axes
  1632 | D:2      | Reached skill level 1 in Maces & Flails
  1632 | D:2      | Reached skill level 1 in Polearms
  1632 | D:2      | Reached skill level 1 in Staves
  1632 | D:2      | Reached skill level 1 in Slings
  1632 | D:2      | Reached skill level 1 in Bows
  1632 | D:2      | Reached skill level 1 in Crossbows
  1632 | D:2      | Reached skill level 1 in Throwing
  1632 | D:2      | Reached skill level 1 in Armour
  1632 | D:2      | Reached skill level 1 in Shields
  1632 | D:2      | Reached skill level 1 in Unarmed Combat
  1632 | D:2      | Reached skill level 1 in Spellcasting
  1632 | D:2      | Reached skill level 1 in Evocations
  1632 | D:2      | Reached XP level 4. HP: 41/41 MP: 5/5
  2406 | D:3      | Reached *** piety under Trog
  2407 | D:3      | Reached skill level 1 in Conjurations
  2407 | D:3      | Reached skill level 1 in Hexes
  2407 | D:3      | Reached skill level 1 in Summonings
  2407 | D:3      | Reached skill level 1 in Necromancy
  2407 | D:3      | Reached skill level 1 in Translocations
  2407 | D:3      | Reached skill level 1 in Transmutations
  2407 | D:3      | Reached skill level 1 in Fire Magic
  2407 | D:3      | Reached skill level 1 in Ice Magic
  2407 | D:3      | Reached skill level 1 in Air Magic
  2407 | D:3      | Reached skill level 1 in Earth Magic
  2407 | D:3      | Reached skill level 1 in Poison Magic
  2446 | D:3      | Found a hazy altar of Hepliaklqana.
  2457 | D:3      | Noticed Ijyb
  2474 | D:3      | Killed Ijyb
  2679 | D:3      | Found a stormy altar of Qazlal.
  2682 | D:3      | Reached XP level 5. HP: 47/47 MP: 6/6
  2702 | D:3      | Found a shadowy altar of Dithmenos.
  2882 | D:3      | Noticed Natasha
  2892 | D:3      | Killed Natasha
  3042 | D:3      | Found a hide-covered altar of Uskayaw.
  3351 | D:4      | Reached XP level 6. HP: 52/53 MP: 8/8
  3561 | D:4      | Found an ancient bone altar of Kikubaaqudgha.
  4091 | D:3      | Noticed Natasha
  4100 | D:3      | Killed Natasha
  4419 | D:4      | Reached XP level 7. HP: 39/59 MP: 10/10
  4441 | D:4      | Reached **** piety under Trog
  4495 | D:3      | Noticed Natasha
  4505 | D:3      | Killed Natasha
  4887 | D:5      | Entered Level 5 of the Dungeon
  4890 | D:5      | Found Rouhilen's General Store.
  4914 | D:5      | Found Ovistriegg's Specific Store.
  5103 | D:5      | Found a radiant altar of Vehumet.
  5124 | D:5      | Reached skill level 5 in Stealth
  5259 | D:5      | Reached XP level 8. HP: 19/67 MP: 12/12
  5552 | D:5      | HP: 2/67 [killer bee (6)]
  5553 | D:5      | Slain by a killer bee

Illustrated notes

Levels and vault maps discovered:
D:1:      minmay_arrival_nine_rooms, layout_rooms, grunt_decor_resistance
D:2:      layout_rooms, shapermc_ecumenical_altar_pompeii,
          serial_co_window_serial, co_window_corner_a, co_window_paths_b,
          co_window_paths_b, co_window_paths_a, co_window_corner_a,
          co_window_cross_1, co_window_corner_a, co_window_broadway_c,
          co_window_unsneaky_path_d, co_window_broadway_c, co_window_broadway_a,
          co_window_corner_ca, glass_columns_b, glass_columns_a,
          solitary_fountain
D:3:      layout_rooms, lemuel_crystal_altar,
          mainiacjoe_overflow_catwalk_spiral,
          nicolae_uskayaw_murder_on_the_dancefloor, uniq_ijyb, uniq_natasha
D:4:      layout_rooms, mainiacjoe_overflow_surrounded_room, lemuel_old_faithful
D:5:      layout_basic, lemuel_coloured_pillars_altar, vehumet_altar_wand_db,
          chequers_ossuary_entry_cave, minmay_misc_feat_cross,
          nicolae_specific_store, minmay_starry_boxes

Skill      XL: |  1  2  3  4  5  6  7  8 |
---------------+-------------------------+-----
Invocations    | 1 2 3 |  3.3
Short Blades   | 1 2 3 |  3.0
Axes           | 1 2 3 |  3.0
Maces & Flails | 1 2 3 |  3.0
Polearms       | 1 2 3 |  3.0
Staves         | 1 2 3 |  3.0
Slings         | 1 2 3 |  3.0
Bows           | 1 2 3 |  3.0
Crossbows      | 1 2 3 |  3.0
Throwing       | 1 2 3 |  3.0
Armour         | 1 2 3 |  3.0
Shields        | 1 2 3 |  3.0
Unarmed Combat | 1 2 3 |  3.0
Spellcasting   | 1 2 3 |  3.0
Evocations     | 1 2 3 |  3.0
Conjurations   | 1 2 |  2.4
Hexes          | 1 2 |  2.4
Summonings     | 1 2 |  2.4
Necromancy     | 1 2 |  2.4
Translocations | 1 2 |  2.4
Transmutations | 1 2 |  2.4
Fire Magic     | 1 2 |  2.4
Ice Magic      | 1 2 |  2.4
Air Magic      | 1 2 |  2.4
Earth Magic    | 1 2 |  2.4
Poison Magic   | 1 2 |  2.4
Fighting       | 7 |  7.2
Long Blades    | 7 |  7.2
Dodging        | 7 |  7.2
Stealth        | 5 |  5.2

Action                   |  1- 3 |  4- 6 |  7- 9 || total
-------------------------+-------+-------+-------++-------
Melee: Falchion          |    97 |    12 |       ||   109
       Bite              |    14 |    19 |     9 ||    42
       Whip              |       |   144 |   114 ||   258
Throw: Dart              |       |     1 |     5 ||     6
  Use: Scroll            |     6 |     3 |       ||     9
       Potion            |       |       |     1 ||     1
 Stab: Sleeping          |     5 |     3 |     1 ||     9
       Distracted        |     2 |       |       ||     2
Armor: Robe              |    15 |     5 |       ||    20
       Leather armour    |       |     1 |       ||     1
       Ring mail         |       |    21 |    45 ||    66
Dodge: Dodged            |    47 |    76 |   103 ||   226
Block: Buckler           |       |    20 |    28 ||    48
       Rpst.: Falchion   |    17 |     5 |       ||    22

Table legend: (Time is in decaauts)
 A = Elapsed time spent in this place.
 B = Non-inter-level travel time spent in this place.
 C = Inter-level travel time spent in this place.
 D = Time resting spent in this place.
 E = Time spent auto-exploring this place.
 F = Levels seen in this place.
 G = Mean time per level.
                   A        B        C        D        E       F      G
               +--------+--------+--------+--------+--------+-----+--------+
         Total |   5581 |   5275 |    306 |    564 |   3705 |   5 | 1116.2 |
       Dungeon |   5581 |   5275 |    306 |    564 |   3705 |   5 | 1116.2 |
               +--------+--------+--------+--------+--------+-----+--------+

Top non-repeatable levels by time:
     D:3: 1575 daAuts
     D:2: 1421 daAuts
     D:4: 1010 daAuts
     D:1: 909 daAuts
     D:5: 664 daAuts
